 Dungeon Sprint DCSS version 0.21.0-24-g2553a33 (webtiles) character file.

807 letownia2 the Grappler (level 7, -4/68 HPs)
             Began as a Troll Wizard on Jan 20, 2018.
             Was an Initiate of Gozag.
             Slain by a two-headed ogre
             ... wielding a +0 giant club
              (25 damage)
             ... in the Dungeon (Sprint III: "The Ten Rune Challenge").
             The game lasted 00:02:33 (432 turns).

letownia2 the Grappler (Troll Wizard)                Turns: 432, Time: 00:02:34

Health: -4/68      AC:  8    Str: 16    XL:     7   Next: 60%
Magic:  6/12       EV: 10    Int: 16    God:    Gozag
Gold:   143        SH:  0    Dex:  8    Spells: 6/15 levels left

rFire    . . .     SeeInvis .     - Unarmed
rCold    . . .     Gourm    +   (no shield)
rNeg     . . .     Faith    .   a - +0 robe
rPois    .         Spirit   .   b - +0 hat
rElec    .         Reflect  .   l - +2 cloak {+Inv}
rCorr    .         Harm     .   (gloves unavailable)
MR       .....     NoTele   +   (boots unavailable)
Stlth    +.........             (no amulet)
HPRegen  0.61/turn              (no ring)
MPRegen  0.13/turn              (no ring)

@: gold aura
A: large, unfitting armour, claws 3, fast metabolism 3, gourmand, regeneration
1, shaggy fur 1, tough skin 2
a: Potion Petition, Call Merchant, Bribe Branch, Renounce Religion, Evoke
Invisibility


You were in the Dungeon.
You worshipped Gozag.
Gozag was aware of your devotion.
You were not hungry.

You visited 1 branch You collected 143 gold pieces.

Inventory:

Hand Weapons
 k - a +4 quarterstaff of chaos
Armour
 a - a +0 robe (worn)
 b - a +0 hat (worn)
 l - a +2 cloak of invisibility (worn)
Scrolls
 j - a scroll of blinking
 n - a scroll of torment {unknown}
 o - 2 scrolls of identify {unknown}
 p - 2 scrolls of remove curse
 r - a scroll of holy word {unknown}
 s - a scroll of magic mapping {unknown}
Potions
 f - a potion of heal wounds
 g - a potion of haste
 h - 2 potions of magic
 i - a potion of berserk rage
 m - 5 potions of mutation
 q - 2 potions of flight {unknown}
Books
 c - a book of Minor Magic

   Spells                             Type                      Level
   a - Magic Dart                     Conjuration                  1
   b - Blink                          Translocation                2
   c - Call Imp                       Summoning                    2
   d - Slow                           Hexes                        2
   e - Conjure Flame                  Conjuration/Fire             3
   f - Mephitic Cloud                 Conjuration/Poison/Air       3
Comestibles
 d - 4 rations


   Skills:
 - Level 3.9 Fighting
 - Level 3.3 Dodging
 - Level 1.0 Stealth
 + Level 9.4 Unarmed Combat
 - Level 4.5 Spellcasting
 - Level 4.4 Conjurations
   Level 0.6 Summonings
 - Level 2.7 Translocations
 - Level 3.0 Fire Magic
 - Level 3.1 Air Magic
 - Level 3.4 Poison Magic


You had 6 spell levels left.
You knew the following spells:

 Your Spells              Type           Power        Failure   Level  Hunger
a - Magic Dart            Conj           ###.         2%          1    None
b - Blink                 Tloc           N/A          8%          2    ##.....
c - Conjure Flame         Conj/Fire      ###.....     10%         3    ###....
e - Mephitic Cloud        Conj/Pois/Air  ###.....     11%         3    ###....


Dungeon Overview and Level Annotations

Branches:
Dungeon (1/1)

Altars:
Cheibriados
Elyvilon
Fedhas
Gozag
Hepliaklqana
Makhleb
Nemelex Xobeh
Qazlal
Xom
Zin
The Shining One
Jiyva
Lugonu


Innate Abilities, Weirdness & Mutations

You are too large for most types of armour.
You have claws for hands.
Your metabolism is lightning-fast.
You like to eat raw meat.
Your natural rate of healing is unusually fast.
You are covered in fur. (AC +1)
You have very tough skin. (AC +2)


Message History

Unknown command.
The two-headed ogre is engulfed in noxious fumes.
The two-headed ogre appears confused.
The two-headed ogre hits the two-headed ogre with a giant club!!
The two-headed ogre closely misses the two-headed ogre.
Unknown command.
The two-headed ogre is engulfed in noxious fumes.
The two-headed ogre appears confused.
Unknown command.
Unknown command.
The two-headed ogre is engulfed in noxious fumes.
The two-headed ogre appears confused.
Unknown command.
You claw the two-headed ogre!
The two-headed ogre is heavily wounded.
The two-headed ogre is engulfed in blazing flames.
The two-headed ogre hits you with a giant club!
The two-headed ogre hits you with a giant club!!
You die...
Your body crumbles into a pile of gold.

.#..###'#+###+##$
$
'#..#..........#
$ $$
#...'.⌠........#
$ $$$
#...#...######'#
$$
....#.⌠.#__#...#
#
....#...#__#...#
#.#
....#+###__#...##
O. ....#
$#__#...'##§#
....#
#__'...#@O.#
▓▓▓▓▓
▓▓▓▓▓▓▓▓▓▓▓▓ $ $$


You could see 2 two-headed ogres.

Vanquished Creatures
  A deep elf mage (D)
  A shadow (D)
  A spatial vortex (D)
  A two-headed ogre (D)
  A water elemental (D)
  A jelly (D)
  Crazy Yiuf (D)
  A human (D)
  2 oozes (D)
  2 rats (D)
12 creatures vanquished.

Vanquished Creatures (others)
  2 draconian scorchers (D)
  6 hellions (D)
  A yaktaur (D)
9 creatures vanquished.

Grand Total: 21 creatures vanquished

Notes
Turn   | Place    | Note
-------+----------+-------------------------------------------
     0 | D        | letownia2 the Troll Wizard began the quest for the Orb.
     0 | D        | Reached XP level 1. HP: 16/16 MP: 2/2
    10 | D        | Reached skill level 1 in Fighting
    10 | D        | Reached skill level 2 in Unarmed Combat
    14 | D        | Reached skill level 3 in Unarmed Combat
    14 | D        | Reached XP level 2. HP: 23/28 MP: 4/4
    69 | D        | Reached skill level 4 in Unarmed Combat
    69 | D        | Reached XP level 3. HP: 11/35 MP: 5/5
    77 | D        | Learned a level 3 spell: Mephitic Cloud
    91 | D        | Killed a yaktaur
    98 | D        | Killed a hellion
    99 | D        | Killed a hellion
    99 | D        | Killed a hellion
   117 | D        | Noticed Crazy Yiuf
   129 | D        | Killed Crazy Yiuf
   129 | D        | Reached skill level 1 in Conjurations
   129 | D        | Reached skill level 1 in Air Magic
   129 | D        | Reached skill level 1 in Poison Magic
   134 | D        | Killed a hellion
   135 | D        | Killed a hellion
   156 | D        | Learned a level 3 spell: Conjure Flame
   157 | D        | Noticed a water elemental
   164 | D        | Killed a white draconian scorcher
   166 | D        | Killed a white draconian scorcher
   169 | D        | Killed a hellion
   193 | D        | Killed a water elemental
   193 | D        | Reached skill level 5 in Unarmed Combat
   193 | D        | Reached skill level 1 in Fire Magic
   193 | D        | Reached XP level 4. HP: 16/44 MP: 2/7
   243 | D        | Learned a level 2 spell: Blink
   246 | D        | Found a glowing silver altar of Zin.
   246 | D        | Found a glowing golden altar of the Shining One.
   246 | D        | Found a white marble altar of Elyvilon.
   248 | D        | Noticed a deep elf mage
   252 | D        | Noticed a redback
   255 | D        | Killed a deep elf mage
   255 | D        | Reached skill level 6 in Unarmed Combat
   255 | D        | Reached XP level 5. HP: 14/54 MP: 4/9
   255 | D        | Reached XP level 6. HP: 16/62 MP: 4/10
   362 | D        | Noticed a shadow
   371 | D        | Killed a shadow
   371 | D        | Reached skill level 7 in Unarmed Combat
   371 | D        | Reached XP level 7. HP: 52/68 MP: 4/12
   388 | D        | Found a blossoming altar of Fedhas.
   388 | D        | Found a stormy altar of Qazlal.
   389 | D        | Found a snail-covered altar of Cheibriados.
   389 | D        | Found a burning altar of Makhleb.
   389 | D        | Found a hazy altar of Hepliaklqana.
   389 | D        | Found a shimmering altar of Xom.
   389 | D        | Found an opulent altar of Gozag.
   389 | D        | Found a sparkling altar of Nemelex Xobeh.
   389 | D        | Found a corrupted altar of Lugonu.
   389 | D        | Found a viscous altar of Jiyva.
   389 | D        | Noticed a spatial vortex
   393 | D        | Became a worshipper of Gozag Ym Sagoz the Greedy
   403 | D        | Killed a spatial vortex
   403 | D        | Reached skill level 8 in Unarmed Combat
   427 | D        | Reached skill level 9 in Unarmed Combat
   432 | D        | Slain by a two-headed ogre

Skill      XL: |  1  2  3  4  5  6  7 |
---------------+----------------------+-----
Fighting       | 1 2 3 |  3.9
Unarmed Combat | 3 4 5 6 7 9 |  9.4
Conjurations   | 2 3 4 |  4.4
Air Magic      | 1 3 |  3.1
Poison Magic   | 2 3 |  3.4
Spellcasting   | 3 4 |  4.5
Fire Magic     | 1 3 |  3.0
Dodging        | 3 |  3.3
Translocations | 2 |  2.7
Stealth        | |  1.0
Summonings     | |  0.6

Action                   |  1- 3 |  4- 6 |  7- 9 || total
-------------------------+-------+-------+-------++-------
Melee: Unarmed           |    30 |     9 |     7 ||    46
 Cast: Mephitic Cloud    |     1 |     1 |     1 ||     3
       Conjure Flame     |     1 |     3 |     1 ||     5
       Magic Dart        |     1 |       |       ||     1
  Use: Potion            |       |     1 |       ||     1
 Stab: Confused          |     1 |       |       ||     1
  Eat: Chunk             |     1 |       |       ||     1
       Ration            |       |       |     1 ||     1
Armor: Robe              |     7 |     2 |     1 ||    10
Dodge: Dodged            |     7 |     6 |     1 ||    14
